Map: Oxide LE

Players

Neeb

  • Race: Protoss Protoss

Maplez - Winner!

  • Race: Protoss Protoss

VOD

Have the link to the VOD?

Description

Time

  • Played on: Oct. 9, 2021, 3:22 p.m.
  • Length: 5:39
Show
View Real Time Build Order
Export as new Build Order

Neeb Protoss 

Build Orders: Oracle Opening 

Get SALT Encoding   

  12  0:00  Probe  
  13  0:12  Probe  
  14  0:17  Pylon  
  14  0:24  Probe (Chrono Boost)  
  15  0:36  Probe (Chrono Boost)  
  15  0:39  Gateway  
  16  0:45  Probe (Chrono Boost)  
  16  0:46  Assimilator  
  17  0:51  Probe  
  17  0:54  Assimilator  
  18  1:03  Probe (Chrono Boost)  
  19  1:08  Gateway  
  19  1:15  Probe (Chrono Boost)  
  20  1:22  Probe (Chrono Boost)  
  21  1:27  Cybernetics Core  
  21  1:29  Probe  
  22  1:37  Pylon  
  22  1:41  Probe  
  23  1:50  Pylon  
  23  1:55  Probe  
  24  2:03  Stargate  
  24  2:07  Probe  
  25  2:12  Stalker  
  27  2:25  Cybernetics Core  
  26  2:32  Warp Gate  
  26  2:42  Nexus  
  26  2:49  Oracle (Chrono Boost)  
  29  3:00  Pylon  
  29  3:01  Probe  
  30  3:13  Probe  
  30  3:19  Shield Battery  
  34  3:25  Probe  
  35  3:30  Stalker  
  37  3:38  Void Ray  
  34  3:43  Robotics Facility  
  38  3:54  Shield Battery  
  38  4:09  Shield Battery  
  38  4:27  Immortal (Chrono Boost)  
  42  4:32  Stalker x2  
  42  4:36  Pylon  
  46  4:56  Stalker x2  
  54  5:04  Shield Battery  
  54  5:09  Pylon  
  54  5:18  Probe x2  
  53  5:22  Pylon  
  53  5:24  Pylon  
  53  5:27  Pylon  
Show
View Real Time Build Order
Export as new Build Order

Maplez Protoss - Winner!

Build Orders: Dark Templar Rush 

Get SALT Encoding   

  12  0:00  Probe  
  13  0:13  Probe  
  14  0:19  Pylon  
  14  0:25  Probe  
  15  0:37  Probe (Chrono Boost)  
  15  0:38  Gateway  
  16  0:46  Probe (Chrono Boost)  
  16  0:48  Assimilator  
  17  0:51  Probe (Chrono Boost)  
  18  0:58  Assimilator  
  18  1:03  Probe (Chrono Boost)  
  19  1:06  Pylon  
  19  1:12  Probe (Chrono Boost)  
  19  1:17  Probe (Chrono Boost)  
  21  1:26  Zealot  
  21  1:32  Cybernetics Core  
  23  1:34  Probe  
  24  1:46  Probe  
  25  1:58  Probe  
  26  2:06  Stalker (Chrono Boost)  
  26  2:10  Probe, Warp Gate  
  26  2:14  Pylon  
  29  2:29  Stalker  
  31  2:30  Twilight Council  
  31  2:35  Shield Battery  
  31  2:42  Shield Battery  
  31  2:47  Gateway  
  31  2:51  Shield Battery  
  31  3:04  Pylon  
  31  3:06  Stalker  
  31  3:10  Dark Shrine  
  33  3:22  Robotics Facility  
  33  3:30  Gateway  
  33  3:44  Shield Battery  
  33  3:50  Dark Shrine  
  33  4:10  Warp Prism  
  33  4:15  Gateway  
  33  4:39  Probe  
  34  4:46  Observer  
  35  5:08  Dark Templar x2  
  39  5:17  Dark Templar  
Tags
 
Add a new tag
Caveats
  • Supply blocks, unpowered buildings, or Contaminate may cause inaccurate times.
  • Supply counts are checked every 10 seconds.